 Dungeon Crawl Stone Soup version 0.28.0-53-g5a82cb258f (webtiles) character file.

Game seed: 3670268997514466297

1234 Tirrikindir the Slasher (level 8, -2/54 HPs)
             Began as an Octopode Fighter on Aug 16, 2022.
             Was a Believer of Dithmenos.
             Killed from afar by a gargoyle (15 damage)
             ... with a stone arrow
             ... on level 6 of the Dungeon.
             The game lasted 00:10:09 (5197 turns).

Tirrikindir the Slasher (Octopode Fighter)          Turns: 5197, Time: 00:10:11

Health: -2/54      AC:  1    Str: 15    XL:     8   Next: 48%
Magic:  10/10      EV: 18    Int: 10    God:    Dithmenos [**....]
Gold:   204        SH:  5    Dex: 14    Spells: 7/7 levels left

rFire   . . .      SeeInvis .   p - +0 scimitar
rCold   . . .      Faith    .   b - +0 buckler
rNeg    . . .      Spirit   .   (helmet restricted)
rPois   .          Reflect  .   (no amulet)
rElec   .          Harm     .   h - +4 ring of evasion
rCorr   .          Rampage  .   (no ring)
Will    .....                   (no ring)
Stlth   +++++.....              (no ring)
HPRegen 0.18/turn               (no ring)
MPRegen 0.12/turn               (no ring)
                                (no ring)
                                (no ring)

@: wreathed by umbra
A: almost no armour, amphibious, 8 rings, camouflage 1, gelatinous body 1,
(nimble swimmer 1), tentacles
a: Renounce Religion, Shadow Step


You were on level 6 of the Dungeon.
You worshipped Dithmenos.
Dithmenos was pleased with you.
You visited 1 branch of the dungeon, and saw 6 of its levels.

You collected 204 gold pieces.

Inventory:

Hand Weapons
 p - a +0 scimitar (weapon)
Missiles
 e - 10 poisoned darts (quivered)
Armour
 b - a +0 buckler (worn)
Jewellery
 h - a +4 ring of evasion (left tentacle)
Wands
 f - a wand of iceblast (12)
Scrolls
 i - a scroll of teleportation
 k - 3 scrolls of fog
 q - a scroll of fear
Potions
 a - a potion of ambrosia {unknown}
 c - a potion of might
 d - 3 potions of flight
 j - a potion of curing
 l - a potion of berserk rage {unknown}
 m - a potion of magic
 n - a potion of mutation {unknown}


   Skills:
 - Level 4.0 Fighting
 * Level 6.2 Long Blades
 - Level 2.0 Throwing
 - Level 4.0 Dodging
 + Level 5.6 Stealth
 - Level 4.0 Shields
 + Level 3.4 Invocations
 + Level 2.9 Evocations


You had 7 spell levels left.
You didn't know any spells.
Your spell library contained the following spells:

 Spells                   Type           Power      Damage    Failure   Level
 Gell's Gravitas          Tloc           0%         N/A       82%         3
 Teleport Other           Tloc           0%         N/A       82%         3
 Dispersal                Tloc           0%         N/A       100%        6


Dungeon Overview and Level Annotations

Branches:
Dungeon (6/15)
 Temple: D:4-7

Altars:
Dithmenos
Uskayaw
Zin

Shops:
D:1 (   D:4 !


Innate Abilities, Weirdness & Mutations

You cannot wear most types of armour.
You are amphibious.
You can wear up to eight rings at the same time.
Your skin changes colour to match your surroundings (Stealth+).
Your rubbery body absorbs attacks. (AC +1, EV +1)
((You are camouflaged when in or above water. (Stealth+)))
You have tentacles for arms and can constrict up to eight enemies at once.


Message History

The gargoyle is moderately damaged.
You constrict the gargoyle, but do no damage.
The gargoyle hurls a stone arrow at you.
The stone arrow misses you.
You hit the gargoyle but do no damage. You squeeze the gargoyle!
The gargoyle is severely damaged.
You constrict the gargoyle, but do no damage.
The gargoyle misses you.
You hit the gargoyle but do no damage.
You squeeze the gargoyle, but do no damage.
The gargoyle is severely damaged.
You constrict the gargoyle, but do no damage.
You block the gargoyle's attack.
You hit the gargoyle but do no damage.
You squeeze the gargoyle, but do no damage.
The gargoyle is severely damaged.
You constrict the gargoyle, but do no damage.
The gargoyle hits you with a +0 mace!!
* * * LOW HITPOINT WARNING * * *
You hit the gargoyle.
You squeeze the gargoyle, but do no damage.
The gargoyle is severely damaged.
You constrict the gargoyle, but do no damage.
The gargoyle hits you with a +0 mace!
* * * LOW HITPOINT WARNING * * *
You feel better.
You constrict the gargoyle, but do no damage.
The gargoyle hurls a stone arrow at you.
The stone arrow misses you.
You hit the gargoyle but do no damage.
The gargoyle is severely damaged.
You constrict the gargoyle. The gargoyle closely misses you.
You hit the gargoyle but do no damage.
You tentacle-slap the gargoyle, but do no damage.
You squeeze the gargoyle.
The gargoyle is almost destroyed.
You constrict the gargoyle, but do no damage.
The gargoyle hurls a stone arrow at you.
The stone arrow hits you!
You die...

#.............##...
#...
#.....................
.. ..
#.................O..#
...
#####................?
... #.................
... #####...####......
... #............8.
#.......9....⌠.
#......@.......
....>.......####.
............#
...............
................
######....#......
...).#......
......#...(..


You could see a two-headed ogre (asleep) and a gargoyle.

Vanquished Creatures
  A sky beast (D:4)
  A necrophage (D:4)
  2 ogres
  Blork the orc (D:4)
  A wyvern zombie (D:5)
  4 scorpions
  A water moccasin skeleton (D:5)
  3 hounds
  A jelly (D:6)
  A centaur skeleton (D:6)
  2 iguanas
  Ijyb (D:4)
  A hound zombie (D:5)
  A hound skeleton (D:5)
  A howler monkey zombie (D:5)
  Robin (D:4)
  10 gnolls
  An adder (D:3)
  An adder skeleton (D:4)
  A worm (D:2)
  2 dart slugs
  2 orcs
  5 endoplasms
  2 giant cockroaches
  13 goblins
  11 hobgoblins
  4 jackals
  3 quokkas
  7 ball pythons
  6 bats
  A jackal skeleton (D:4)
  10 kobolds
  4 rats
106 creatures vanquished.

Notes
Turn   | Place    | Note
-------+----------+-------------------------------------------
     0 | D:1      | Tirrikindir the Octopode Fighter began the quest for the
                  | Orb.
     0 | D:1      | Reached XP level 1. HP: 16/16 MP: 1/1
   349 | D:1      | Reached XP level 2. HP: 20/21 MP: 2/2
   354 | D:1      | Reached skill level 1 in Stealth
   857 | D:1      | Found Giloesk's Antique Weapon Emporium.
   969 | D:1      | Reached XP level 3. HP: 25/26 MP: 3/3
  1326 | D:2      | HP: 1/26 [gnoll/+0 spear (9)]
  1328 | D:2      | Reached XP level 4. HP: 1/31 MP: 4/4
  1329 | D:2      | Reached skill level 3 in Long Blades
  2250 | D:2      | Reached XP level 5. HP: 35/36 MP: 5/5
  2799 | D:3      | Found a faded altar of an unknown god.
  2802 | D:3      | Prayed at the altar of an unknown god.
  2802 | D:3      | Became a worshipper of Dithmenos the Shadowed
  2802 | D:3      | Reached * piety under Dithmenos
  3186 | D:4      | Identified the +5 ring mail of Fortification {rC+ Regen+
                  | Stlth+}
  3188 | D:4      | Noticed a necrophage
  3199 | D:4      | Killed a necrophage
  3200 | D:4      | Reached skill level 4 in Long Blades
  3200 | D:4      | Reached skill level 1 in Invocations
  3200 | D:4      | Reached XP level 6. HP: 32/43 MP: 6/6
  3286 | D:4      | Found Wykkoaba's Distillery.
  3363 | D:4      | Found a glowing silver altar of Zin.
  3499 | D:4      | Noticed Blork the orc
  3510 | D:4      | Killed Blork the orc
  3629 | D:4      | Noticed Ijyb
  3631 | D:4      | Noticed Robin
  3635 | D:4      | Killed Ijyb
  3769 | D:4      | Killed Robin
  3770 | D:4      | Reached XP level 7. HP: 26/48 MP: 8/8
  4065 | D:4      | Reached skill level 1 in Evocations
  4188 | D:4      | Reached ** piety under Dithmenos
  4189 | D:4      | Reached skill level 1 in Throwing
  4426 | D:5      | Entered Level 5 of the Dungeon
  4434 | D:5      | Reached skill level 5 in Long Blades
  4440 | D:5      | Found a hide-covered altar of Uskayaw.
  4542 | D:5      | Reached XP level 8. HP: 33/54 MP: 8/10
  4738 | D:5      | Reached skill level 5 in Stealth
  5152 | D:6      | Reached skill level 6 in Long Blades
  5183 | D:6      | Noticed a gargoyle
  5185 | D:6      | Noticed a two-headed ogre
  5197 | D:6      | Killed from afar by a gargoyle

Illustrated notes

Levels and vault maps discovered:
D:1:      minmay_arrival_shattered_statue, layout_loops_ring, serial_shops,
          nicolae_shop_waterfront
D:2:      layout_basic, chequers_serial_rivers_small_b,
          minmay_misc_feat_ornament
D:3:      layout_loops_ring, hellmonk_ecumenical_altar_inner_sanctum
D:4:      layout_cave_pods, zin_academy, serial_shops, shop, uniq_robin,
          uniq_blork_the_orc, uniq_ijyb
D:5:      layout_basic, mainiacjoe_overflow_small_starburst
D:6:      layout_basic, minmay_temple_entry_drinking_statues,
          gammafunk_ghost_nasty_kobolds, minmay_misc_feat_nine_boxes,
          serial_park_tiny_2

Skill      XL: |  1  2  3  4  5  6  7  8 |
---------------+-------------------------+-----
Stealth        | 1 2 3 4 5 |  5.6
Long Blades    | 3 4 5 6 |  6.2
Invocations    | 1 2 3 |  3.4
Fighting       | 4 |  4.0
Dodging        | 4 |  4.0
Shields        | 4 |  4.0
Evocations     | 2 |  2.9
Throwing       | 1 2 |  2.0

Action                   |  1- 3 |  4- 6 |  7- 9 || total
-------------------------+-------+-------+-------++-------
Melee: Long sword        |    54 |    61 |       ||   115
       Tentacles         |    12 |    17 |    24 ||    53
       Constrict         |    11 |    27 |    14 ||    52
       Scimitar          |       |    25 |    80 ||   105
       Punch             |       |     1 |     3 ||     4
Throw: Dart              |     5 |     4 |     2 ||    11
  Use: Potion            |     2 |     6 |     2 ||    10
       Scroll            |     2 |     3 |     1 ||     6
 Stab: Sleeping          |    12 |    10 |     8 ||    30
Armor: Skin              |     3 |     1 |     3 ||     7
Dodge: Dodged            |    24 |    78 |    60 ||   162
Block: Buckler           |     4 |    22 |    10 ||    36
